NCAA
NORTH CAROLINA TAR HEELS @ NEBRASKA CORNHUSKERS
06/01/2023
 
TOP OF THE 1ST
North Carolina Tar Heels batting - Pitching for Nebraska Cornhuskers : LHP Sean Perry
Pitching: LHP Sean Perry
Batting: RHB Mike Shelton 0-0: Called Strike
0-1: Ground out U3 (Groundball, 3L)
Batting: RHB Miguel Mendoza 0-0: Fly out, F5 (Line Drive, 56)
Batting: LHB Vaughn Carter 0-0: Called Strike
0-1: Ball
1-1: Foul Ball, location: 2F
1-2: Ball
2-2: Foul Ball, location: 2F
2-2: Ground out 5-3 (Groundball, 5S)
Top of the 1st over - 0 run(s), 0 hit(s), 0 error(s), 0 left on base; North Carolina 0 - Nebraska 0
BOTTOM OF THE 1ST
Nebraska Cornhuskers batting - Pitching for North Carolina Tar Heels : RHP Ed Calhoun
Pitching: RHP Ed Calhoun
Batting: LHB Dennis Fontenot 0-0: Ball
1-0: Called Strike
1-1: Foul Ball, location: 2F
1-2: Strikes out swinging
Batting: SHB Conan Hanson 0-0: Ball
1-0: Ball
2-0: Ball
3-0: Base on Balls
Batting: RHB John Denton 0-0: Ball
1-0: Ball
2-0: SINGLE (Line Drive, 4M)
Conan Hanson to second
Batting: LHB Manny Salazar 0-0: Swinging Strike
0-1: Swinging Strike
0-2: Strikes out looking
Batting: LHB Gilberto Ramírez 0-0: Called Strike
0-1: Swinging Strike
0-2: Strikes out looking
Bottom of the 1st over - 0 run(s), 1 hit(s), 0 error(s), 2 left on base; North Carolina 0 - Nebraska 0
TOP OF THE 2ND
North Carolina Tar Heels batting - Pitching for Nebraska Cornhuskers : LHP Sean Perry
Batting: LHB Dan Hamilton 0-0: Fly out, F7 (Flyball, 7S)
Batting: RHB Russell Thomas 0-0: Ball
1-0: Foul Ball, location: 2F
1-1: Called Strike
1-2: Foul Ball, location: 2F
1-2: Ball
2-2: Strikes out looking
Batting: LHB Cliff David 0-0: Ball
1-0: Ball
2-0: Foul Ball, location: 2F
2-1: Ball
3-1: Base on Balls
Batting: LHB Dan Chandler 0-0: Foul Ball, location: 2F
0-1: Ball
1-1: Fly out, F9 (Flyball, 9M)
Top of the 2nd over - 0 run(s), 0 hit(s), 0 error(s), 1 left on base; North Carolina 0 - Nebraska 0
BOTTOM OF THE 2ND
Nebraska Cornhuskers batting - Pitching for North Carolina Tar Heels : RHP Ed Calhoun
Batting: RHB Eugene Allen 0-0: Ball
1-0: Swinging Strike
1-1: Swinging Strike
1-2: Foul Ball, location: 2F
1-2: Ball
2-2: Strikes out swinging
Batting: RHB Ralph Powell 0-0: Called Strike
0-1: SINGLE (Groundball, 15) (infield hit)
Batting: SHB William Hamilton 0-0: Ball
1-0: Swinging Strike
1-1: Fly out, F9 (Line Drive, 9S)
Batting: RHB Spencer Saramio 0-0: Ball
1-0: Called Strike
1-1: Foul Ball, location: 2F
1-2: SINGLE (Groundball, 56D)
Ralph Powell to second
Batting: LHB Dennis Fontenot 0-0: Ball
1-0: Ball
2-0: Ball
3-0: Called Strike
3-1: Foul Ball, location: 2F
3-2: Foul Ball, location: 2F
3-2: Strikes out swinging
Bottom of the 2nd over - 0 run(s), 2 hit(s), 0 error(s), 2 left on base; North Carolina 0 - Nebraska 0
TOP OF THE 3RD
North Carolina Tar Heels batting - Pitching for Nebraska Cornhuskers : LHP Sean Perry
Batting: SHB Richard Griffin 0-0: Called Strike
0-1: Swinging Strike
0-2: DOUBLE (Groundball, 3L)
Batting: LHB Owen Moreno 0-0: Called Strike
0-1: Swinging Strike
0-2: Ball
1-2: Ground out 4-3 (Groundball, 4)
Richard Griffin to third
Batting: RHB Mike Shelton 0-0: Ball
1-0: Called Strike
1-1: Foul Ball, location: 2F
1-2: Ball
2-2: Foul Ball, location: 2F
2-2: Foul Ball, location: 2F
2-2: Foul Ball, location: 2F
2-2: Ground out U3 (Groundball, 3)
Batting: RHB Miguel Mendoza 0-0: Fly out, F9 (Flyball, 89M)
Top of the 3rd over - 0 run(s), 1 hit(s), 0 error(s), 1 left on base; North Carolina 0 - Nebraska 0
BOTTOM OF THE 3RD
Nebraska Cornhuskers batting - Pitching for North Carolina Tar Heels : RHP Ed Calhoun
Batting: SHB Conan Hanson 0-0: Ball
1-0: Ball
2-0: Ball
3-0: Called Strike
3-1: Ground out U3 (Groundball, 3S)
Batting: RHB John Denton 0-0: Ball
1-0: Ball
2-0: Ball
3-0: Called Strike
3-1: Swinging Strike
3-2: Base on Balls
Batting: LHB Manny Salazar 0-0: Ball
1-0: Ball
2-0: Ball
3-0: Called Strike
3-1: DOUBLE (Line Drive, 89M)
John Denton to third
Batting: LHB Gilberto Ramírez 0-0: Foul Ball, location: 2F
0-1: Ball
1-1: Foul Ball, location: 2F
1-2: Ball
2-2: Fly out, F6 (Popup, 4MD)
Batting: RHB Eugene Allen 0-0: Called Strike
0-1: Reached on error, E5 (Groundball, 56)
John Denton scores
Manny Salazar scores
Batting: RHB Ralph Powell 0-0: Called Strike
0-1: SINGLE (Flyball, 89S)
Eugene Allen to third
Runner from 3rd tries for Home, SAFE, no throw or cutoff
Batting: SHB William Hamilton 0-0: Called Strike
0-1: Ball
1-1: Ball
2-1: Ground out 5-3 (Groundball, 5S)
Bottom of the 3rd over - 3 run(s), 2 hit(s), 1 error(s), 1 left on base; North Carolina 0 - Nebraska 3
TOP OF THE 4TH
North Carolina Tar Heels batting - Pitching for Nebraska Cornhuskers : LHP Sean Perry
Batting: LHB Vaughn Carter 0-0: Ball
1-0: Foul Ball, location: 2F
1-1: Ball
2-1: Ground out 4-3 (Groundball, 4)
Batting: LHB Dan Hamilton 0-0: Ground out 4-3 (Groundball, 4)
Batting: RHB Russell Thomas 0-0: Ball
1-0: SINGLE (Groundball, 6MD)
Batting: LHB Cliff David 0-0: Ball
1-0: Called Strike
1-1: Foul Ball, location: 2F
1-2: Ball
2-2: Foul Ball, location: 2F
2-2: Fly out, F9 (Line Drive, 89M)
Top of the 4th over - 0 run(s), 1 hit(s), 0 error(s), 1 left on base; North Carolina 0 - Nebraska 3
BOTTOM OF THE 4TH
Nebraska Cornhuskers batting - Pitching for North Carolina Tar Heels : RHP Ed Calhoun
Batting: RHB Spencer Saramio 0-0: Ball
1-0: Called Strike
1-1: Ball
2-1: DOUBLE (Groundball, 5L)
Batting: LHB Dennis Fontenot 0-0: Ball
1-0: Foul Ball, location: 2F
1-1: Called Strike
1-2: Ball
2-2: Ball
3-2: Strikes out looking
Batting: SHB Conan Hanson 0-0: Called Strike
0-1: Ball
1-1: Foul Ball, location: 2F
1-2: Ball
2-2: SINGLE (Line Drive, 56D)
Spencer Saramio to third
Pitching: RHP Adrián Bueno
Batting: RHB John Denton 0-0: Ball
1-0: Swinging Strike
1-1: Foul Ball, location: 2F
1-2: Ball
2-2: Foul Ball, location: 2F
2-2: Strikes out swinging
Batting: LHB Manny Salazar 0-0: Ground out 5-3 (Groundball, 5)
Bottom of the 4th over - 0 run(s), 2 hit(s), 0 error(s), 2 left on base; North Carolina 0 - Nebraska 3
TOP OF THE 5TH
North Carolina Tar Heels batting - Pitching for Nebraska Cornhuskers : LHP Sean Perry
Batting: LHB Dan Chandler 0-0: Foul Ball, location: 2F
0-1: Ball
1-1: Called Strike
1-2: Ball
2-2: Ball
3-2: Strikes out swinging
Batting: SHB Richard Griffin 0-0: Ball
1-0: SINGLE (Line Drive, 7S)
Batting: LHB Owen Moreno 0-0: Fly out, F5 (Popup, 25F)
Batting: RHB Mike Shelton 0-0: Called Strike
0-1: Ball
1-1: SINGLE (Groundball, 5L)
Richard Griffin to second
Batting: RHB Miguel Mendoza 0-0: Ball
1-0: Called Strike
1-1: Called Strike
1-2: SINGLE (Line Drive, 8LS)
Richard Griffin to third
Mike Shelton to second
Runner from 3rd tries for Home, SAFE, no throw or cutoff
Batting: LHB Vaughn Carter 0-0: Ball
1-0: Ball
2-0: Ball
3-0: Base on Balls
Mike Shelton to third
Miguel Mendoza to second
Batting: LHB Dan Hamilton 0-0: Foul Ball, location: 2F
0-1: Called Strike
0-2: Foul Ball, location: 2F
0-2: Strikes out swinging
Top of the 5th over - 1 run(s), 3 hit(s), 0 error(s), 3 left on base; North Carolina 1 - Nebraska 3
BOTTOM OF THE 5TH
Nebraska Cornhuskers batting - Pitching for North Carolina Tar Heels : RHP Adrián Bueno
Batting: LHB Gilberto Ramírez 0-0: Called Strike
0-1: Ball
1-1: Foul Ball, location: 2F
1-2: Strikes out looking
Batting: RHB Eugene Allen 0-0: Fly out, F9 (Flyball, 9LM)
Batting: RHB Ralph Powell 0-0: Called Strike
0-1: Swinging Strike
0-2: Strikes out looking
Bottom of the 5th over - 0 run(s), 0 hit(s), 0 error(s), 0 left on base; North Carolina 1 - Nebraska 3
TOP OF THE 6TH
North Carolina Tar Heels batting - Pitching for Nebraska Cornhuskers : LHP Sean Perry
Batting: RHB Russell Thomas 0-0: Called Strike
0-1: Ball
1-1: Swinging Strike
1-2: Ball
2-2: Ground out 4-3 (Groundball, 34)
Pitching: RHP Salvador Caro
Batting: LHB Cliff David 0-0: Ball
1-0: Ball
2-0: Ground out 2-3 (Groundball, 25)
Batting: LHB Dan Chandler 0-0: Called Strike
0-1: Fly out, F8 (Flyball, 8RS)
Top of the 6th over - 0 run(s), 0 hit(s), 0 error(s), 0 left on base; North Carolina 1 - Nebraska 3
BOTTOM OF THE 6TH
Nebraska Cornhuskers batting - Pitching for North Carolina Tar Heels : RHP Adrián Bueno
Batting: SHB William Hamilton 0-0: Ball
1-0: Ball
2-0: DOUBLE (Line Drive, 78M)
Batting: RHB Spencer Saramio 0-0: Ball
1-0: Ball
2-0: Called Strike
2-1: Ground out 2-3 (Groundball, 2R)
William Hamilton to third
Batting: LHB Dennis Fontenot 0-0: Called Strike
0-1: Ball
1-1: Foul Ball, location: 2F
1-2: Foul Ball, location: 2F
1-2: Ball
2-2: Strikes out looking
Batting: SHB Conan Hanson 0-0: Ball
1-0: Ball
2-0: Swinging Strike
2-1: Ball
3-1: Base on Balls
Batting: RHB John Denton 0-0: Ball
1-0: Foul Ball, location: 2F
1-1: Foul Ball, location: 2F
1-2: SINGLE (Line Drive, 34)
William Hamilton scores
Conan Hanson to second
Batting: LHB Manny Salazar 0-0: Ball
1-0: Ball
2-0: Called Strike
2-1: Called Strike
2-2: Ground out 3-1 (Groundball, 34)
Bottom of the 6th over - 1 run(s), 2 hit(s), 0 error(s), 2 left on base; North Carolina 1 - Nebraska 4
TOP OF THE 7TH
North Carolina Tar Heels batting - Pitching for Nebraska Cornhuskers : RHP Salvador Caro
Batting: SHB Richard Griffin 0-0: Swinging Strike
0-1: Swinging Strike
0-2: Foul Ball, location: 2F
0-2: Ball
1-2: Foul Ball, location: 2F
1-2: Ball
2-2: Strikes out swinging
Batting: LHB Owen Moreno 0-0: Ball
1-0: Called Strike
1-1: Ball
2-1: Ball
3-1: Base on Balls
Batting: RHB Mike Shelton 0-0: Called Strike
0-1: Foul Ball, location: 2F
0-2: Ball
1-2: Strikes out swinging
Batting: RHB Miguel Mendoza 0-0: Swinging Strike
0-1: Called Strike
0-2: Ball
1-2: Foul Ball, location: 2F
1-2: Ball
2-2: Ball
3-2: Fly out, F7 (Flyball, 7S)
Top of the 7th over - 0 run(s), 0 hit(s), 0 error(s), 1 left on base; North Carolina 1 - Nebraska 4
BOTTOM OF THE 7TH
Nebraska Cornhuskers batting - Pitching for North Carolina Tar Heels : RHP Adrián Bueno
Pitching: RHP Jason Wilkins
Batting: LHB Gilberto Ramírez 0-0: SINGLE (Line Drive, 56D)
Batting: RHB Eugene Allen 0-0: Ground out 5-3 (Groundball, 5S)
Gilberto Ramírez to second
Batting: RHB Ralph Powell 0-0: Ball
1-0: Swinging Strike
1-1: Ground out 5-3 (Groundball, 5L)
Batting: SHB William Hamilton 0-0: Ball
1-0: Swinging Strike
1-1: Swinging Strike
1-2: Foul Ball, location: 2F
1-2: Strikes out looking
Bottom of the 7th over - 0 run(s), 1 hit(s), 0 error(s), 1 left on base; North Carolina 1 - Nebraska 4
TOP OF THE 8TH
North Carolina Tar Heels batting - Pitching for Nebraska Cornhuskers : RHP Salvador Caro
Now at C: Robin Greer
Batting: LHB Vaughn Carter 0-0: SINGLE (Line Drive, 6D)
Pitching: RHP Roy Mayer
Batting: LHB Dan Hamilton 0-0: Fly out, F5 (Popup, 5F)
Batting: RHB Russell Thomas 0-0: Called Strike
0-1: Swinging Strike
0-2: Foul Ball, location: 2F
0-2: Ball
1-2: Fly out, F9 (Flyball, 9LSF)
Batting: LHB Cliff David 0-0: Ball
1-0: Ball
2-0: Ball
3-0: Base on Balls
Vaughn Carter to second
Batting: LHB Dan Chandler 0-0: Foul Ball, location: 2F
0-1: Ball
1-1: Foul Ball, location: 2F
1-2: Strikes out swinging
Top of the 8th over - 0 run(s), 1 hit(s), 0 error(s), 2 left on base; North Carolina 1 - Nebraska 4
BOTTOM OF THE 8TH
Nebraska Cornhuskers batting - Pitching for North Carolina Tar Heels : RHP Jason Wilkins
Batting: RHB Spencer Saramio 0-0: Ball
1-0: Ball
2-0: SINGLE (Groundball, 6MD)
Batting: LHB Dennis Fontenot 0-0: Sac Bunt - play at first, batter OUT! 1-3
Spencer Saramio to second
Batting: SHB Conan Hanson 0-0: Ball
1-0: Ball
2-0: Called Strike
2-1: Foul Ball, location: 2F
2-2: Strikes out swinging
Batting: RHB John Denton 0-0: Ball
1-0: Ball
2-0: Ball
3-0: Base on Balls
Batting: LHB Manny Salazar 0-0: Ball
1-0: Called Strike
1-1: Ground out U3 (Groundball, 3L)
Bottom of the 8th over - 0 run(s), 1 hit(s), 0 error(s), 2 left on base; North Carolina 1 - Nebraska 4
TOP OF THE 9TH
North Carolina Tar Heels batting - Pitching for Nebraska Cornhuskers : RHP Roy Mayer
Pitching: RHP Barry Sherman
Now at 2B: Christian McCord
Batting: SHB Richard Griffin 0-0: Called Strike
0-1: Ball
1-1: Swinging Strike
1-2: Foul Ball, location: 2F
1-2: SINGLE (Groundball, 3L)
Batting: LHB Owen Moreno 0-0: Ball
1-0: Ball
2-0: Fly out, F7 (Flyball, 78S)
Batting: RHB Mike Shelton 0-0: Called Strike
0-1: Fly out, F8 (Flyball, 8LM)
Batting: RHB Miguel Mendoza 0-0: Ball
1-0: Ball
2-0: Foul Ball, location: 2F
2-1: Called Strike
2-2: Foul Ball, location: 2F
2-2: Foul Ball, location: 2F
2-2: Foul Ball, location: 2F
2-2: Strikes out looking
Top of the 9th over - 0 run(s), 1 hit(s), 0 error(s), 1 left on base; North Carolina 1 - Nebraska 4
This league is powered by Out of the Park Baseball, the baseball management simulation game for PC, Mac and Linux
Wednesday, December 2nd, 2015 - OOTP Baseball 16.8 Build 38